 Dungeon Crawl Stone Soup version 0.21-a0-440-g28109cb (webtiles) character file.

294 slep the Slasher (level 6, -11/48 HPs)
             Began as a Demonspawn Fighter on Nov 12, 2017.
             Was a Follower of Makhleb.
             Mangled by an ogre
             ... wielding a +0 giant club
              (24 damage)
             ... on level 3 of the Dungeon.
             The game lasted 00:10:20 (1675 turns).

slep the Slasher (Demonspawn Fighter)               Turns: 1675, Time: 00:10:21

Health: -11/48     AC:  8    Str: 17    XL:     6   Next: 11%
Magic:  6/6        EV: 12    Int:  9    God:    Makhleb [*.....]
Gold:   174        SH: 10    Dex: 19    Spells: 5/5 levels left

rFire    . . .     SeeInvis .   a - +0 long sword
rCold    . . .     Gourm    .   c - +0 shield
rNeg     + . .     Faith    .   b - +0 scale mail
rPois    .         Spirit   .   (no helmet)
rElec    .         Reflect  .   (no cloak)
rCorr    .         Harm     .   (no gloves)
MR       .....                  (no boots)
Stlth    +.........             (no amulet)
HPRegen  0.16/turn              h - ring of positive energy
MPRegen  0.10/turn              k - ring of flight

@: agile
A: thin metallic scales 1, powered by pain 1
a: Renounce Religion, Evoke Flight


You were on level 3 of the Dungeon.
You worshipped Makhleb.
Makhleb was aware of your devotion.
You were not hungry.

You visited 1 branch of the dungeon, and saw 3 of its levels.

You collected 174 gold pieces.

Inventory:

Hand Weapons
 a - a +0 long sword (weapon)
Missiles
 d - a throwing net
 j - 10 tomahawks (quivered)
 m - 4 poisoned tomahawks
Armour
 b - a +0 scale mail (worn)
 c - a +0 shield (worn)
Jewellery
 h - a ring of positive energy (left hand)
 k - a ring of flight (right hand)
Scrolls
 e - 4 scrolls of remove curse {unknown}
 i - 2 scrolls of teleportation {unknown}
 n - 2 scrolls of recharging {unknown}
 o - a scroll of fear {unknown}
 t - a scroll of amnesia {unknown}
 u - a scroll of identify {unknown}
Potions
 q - a potion of degeneration {unknown}
 r - a potion of heal wounds {unknown}
 s - a potion of ambrosia {unknown}
Comestibles
 f - 2 bread rations
 g - 2 royal jellies
 l - 2 meat rations
 p - 2 chunks of flesh


   Skills:
 + Level 3.9 Fighting
 + Level 4.0 Long Blades
 + Level 0.1 Throwing
 + Level 3.4 Armour
 + Level 0.6 Dodging
 + Level 0.1 Stealth
 + Level 3.8 Shields


You had 5 spell levels left.
You didn't know any spells.

Dungeon Overview and Level Annotations

Branches:
Dungeon (3/15)

Altars:
Gozag
Makhleb
Zin


Innate Abilities, Weirdness & Mutations

You are partially covered in thin metallic scales. (AC +2)
You sometimes gain a little power by taking damage.


Message History

You slash the goblin!
You kill the goblin!
Makhleb accepts your kill.
An ogre comes into view. It is wielding a giant club.
The ogre shouts!
You slash the ogre!
The ogre is moderately wounded.
The ogre hits you with a giant club!!
Ouch! That really hurt!
You focus on the pain.
You feel agile all of a sudden.
You hit the ogre.
The ogre is heavily wounded.
The ogre hits you with a giant club!
* * * LOW HITPOINT WARNING * * *
You slash the ogre!
The ogre is severely wounded.
The ogre hits you with a giant club!!
Ouch! That really hurt!
You die...

#.# #.# #.# #.#
#.# ############.#
#....#.......#
#.##.# #.....#
###.##.# #@###.#
#......#..O..#.#
#.##.#####.#.#.#
#......#
#.#.#.######
####.#.# #..
#......#
#.#.#######..##.##
#.#...........#.#
#####
#.###########.#.#
....######.###
#.#.#


You could see an ogre.

Vanquished Creatures
  The ghost of waterbugbear the Ducker, an amateur KoGl of Makhleb (D:3)
  A howler monkey (D:3)
  An orc priest (D:3)
  3 gnolls (D:3)
  2 worms (D:3)
  4 dart slugs
  4 leopard geckos (D:1)
  5 orcs (D:3)
  7 bats
  3 giant cockroaches
  10 goblins
  3 hobgoblins
  4 jackals (D:2)
  5 kobolds
  A quokka (D:3)
  5 frilled lizards
  11 rats
70 creatures vanquished.

Notes
Turn   | Place    | Note
-------+----------+-------------------------------------------
     0 | D:1      | slep the Demonspawn Fighter began the quest for the Orb.
     0 | D:1      | Reached XP level 1. HP: 18/18 MP: 1/1
   123 | D:1      | Gained mutation: You are partially covered in thin metallic scales. (AC +2) [demonic ancestry]
   123 | D:1      | Reached XP level 2. HP: 24/24 MP: 2/2
   202 | D:1      | Reached skill level 2 in Long Blades
   328 | D:1      | Reached XP level 3. HP: 15/29 MP: 3/3
  1077 | D:2      | Found an opulent altar of Gozag.
  1078 | D:2      | Found a glowing silver altar of Zin.
  1237 | D:3      | Gained mutation: You sometimes gain a little power by taking damage. [demonic ancestry]
  1237 | D:3      | Reached XP level 4. HP: 30/36 MP: 4/4
  1267 | D:3      | Noticed waterbugbear's ghost (amateur KoGl)
  1282 | D:3      | Killed waterbugbear's ghost
  1282 | D:3      | Reached skill level 3 in Long Blades
  1282 | D:3      | Reached XP level 5. HP: 19/42 MP: 5/5
  1475 | D:3      | Found a faded altar of an unknown god.
  1488 | D:3      | Became a worshipper of Makhleb the Destroyer
  1488 | D:3      | Reached * piety under Makhleb
  1570 | D:3      | Reached skill level 4 in Long Blades
  1570 | D:3      | Reached XP level 6. HP: 37/48 MP: 6/6
  1675 | D:3      | Mangled by an ogre

Vault maps used:
D:1:      scummos_arrival_hexagon
D:2:      grunt_temple_overflow_gold_and_silver, first_bread
D:3:      chequers_ecumenical_altar_island, nemelex_lonely_heart_becter,
          uniq_grinder

Skill      XL: |  1  2  3  4  5 |
---------------+----------------+-----
Long Blades    | 2 3 4 |  4.0
Armour         | 3 |  3.4
Shields        | 3 |  3.8
Fighting       | |  3.9
Throwing       | |  0.1
Dodging        | |  0.6
Stealth        | |  0.1

Action                   |  1- 3 |  4- 6 || total
-------------------------+-------+-------++-------
Melee: Long sword        |   170 |    99 ||   269
Throw: Tomahawk          |     6 |       ||     6
  Use: Potion            |       |     3 ||     3
  Eat: Chunk             |     2 |     1 ||     3
Armor: Scale mail        |   117 |    24 ||   141
Dodge: Dodged            |    52 |    24 ||    76
Block: Shield            |    99 |    33 ||   132
       Rpst.: Long sword |    12 |     4 ||    16

Table legend:
 A = Spawn XP
 B = Non-spawn XP
 C = Spawn XP percentage of total XP
 D = Spawn monster count
 E = Non-spawn monster count
 F = Spawn count percentage of total count
 G = Total turns spent on level
                    A         B        C        D         E        F      G
               +---------+---------+-------+---------+---------+-------+---------
         Total |       0 |     421 |   0.0 |       0 |      70 |   0.0 |  1675
               +---------+---------+-------+---------+---------+-------+---------
           D:1 |       0 |      52 |   0.0 |       0 |      26 |   0.0 |   591
           D:2 |       0 |      31 |   0.0 |       0 |      18 |   0.0 |   518
           D:3 |       0 |     338 |   0.0 |       0 |      26 |   0.0 |   566
               +---------+---------+-------+---------+---------+-------+---------
